 Dungeon Crawl Stone Soup version 0.31-a0-1620-gcbf77bbcfc (webtiles) character file.

Game seed: 3366188987556335565

7 Fymir27 the Magician (level 1, 0/13 HPs)
             Began as a Mummy Enchanter on Jan 11, 2024.
             Slain by an endoplasm (2 damage)
             ... on level 1 of the Dungeon.
             The game lasted 00:01:15 (321 turns).

Fymir27 the Magician (Mummy Enchanter)               Turns: 321, Time: 00:01:15

Health: 0/13       AC:  2    Str: 11    XL:     1   Next: 91%
Magic:  4/4        EV: 12    Int: 14    God:
Gold:   24         SH:  0    Dex: 12    Spells: 5/5 levels left

rFire   x . .        a - +1 dagger
rCold   + . .        (no shield)
rNeg    + + +        b - +0 robe
rPois   ∞            (no helmet)
rElec   .            (no cloak)
rCorr   .            (no gloves)
SInv    .            (no boots)
Will    .....        (no amulet)
Stlth   ++           (no ring)
HPRegen 0.22/turn    (no ring)
MPRegen 0.09/turn

%: faith
@: no status effects
A: cold resistance 1, negative energy resistance 3, torment resistance 2, heat
vulnerability 1, in touch with death 1, no potions, faith
a: no special abilities


You were on level 1 of the Dungeon.
You visited 1 branch of the dungeon, and saw 1 of its levels.

You collected 24 gold pieces.

Inventory:

Hand Weapons
 a - a +1 dagger (weapon)
Armour
 b - a +0 robe (worn)
Scrolls
 c - a scroll of noise {unknown}


   Skills:
 + Level 1.0 Short Blades
 + Level 1.7 Dodging
 + Level 2.5 Stealth
 + Level 2.8 Spellcasting
 + Level 2.8 Hexes


You had 5 spell levels left.
You didn't know any spells.
Your spell library contained the following spells:

 Spells                   Type           Power      Damage    Failure   Level
 Ensorcelled Hibernation  Hex/Ice        10%        N/A       19%         2
 Confusing Touch          Hex            9%         N/A       21%         3
 Tukima's Dance           Hex            9%         N/A       21%         3
 Dazzling Flash           Conj/Hex       10%        N/A       36%         3


Dungeon Overview and Level Annotations

Branches:
Dungeon (1/15)

Altars:


Innate Abilities, Weirdness & Mutations

You are immune to poison.
Your flesh is cold resistant. (rC+)
You are immune to negative energy. (rN+++)
You are immune to unholy pain and torment.
You are vulnerable to heat. (rF-)
You are in touch with the powers of death.
You do not drink.
You have a special connection with the divine. (Faith)


Message History

The endoplasm freezes you.
You are frozen.
You resist. The endoplasm barely misses you. The endoplasm freezes you.
You are frozen.
You resist. The endoplasm freezes you.
You are frozen.
You resist. The endoplasm closely misses you. The endoplasm hits you.
The endoplasm freezes you.
You are frozen.
You resist.
* * * LOW HITPOINT WARNING * * *
The endoplasm hits you but does no damage.
The endoplasm hits you but does no damage.
The endoplasm closely misses you. The endoplasm freezes you.
You are frozen.
You resist.
* * * LOW HITPOINT WARNING * * *
The endoplasm freezes you.
You are frozen.
You resist.
* * * LOW HITPOINT WARNING * * *
The endoplasm hits you but does no damage.
The endoplasm misses you. The endoplasm barely misses you.
The endoplasm misses you. The endoplasm misses you.
The endoplasm jiggles.
The endoplasm freezes you.
You are frozen.
You resist.
* * * LOW HITPOINT WARNING * * *
The endoplasm barely misses you. The endoplasm freezes you.
You are frozen.
You resist.
* * * LOW HITPOINT WARNING * * *
The endoplasm hits you but does no damage.
The endoplasm barely misses you. The endoplasm misses you.
The endoplasm closely misses you. The endoplasm hits you.
You die...

. .#... ....
...........
.#######...###.#..
#.........
.............#.#.##
#.........
......#....#.#.#..#
#.........
......#..#.#.#.#.##
#.........
.........#.# .....
#....)...#
.........#.###.#.#
#....†...#
......####.....#.#
#........#
..............bJ@#
#...######
...###############
#...# ..########
##########...######
>.........
.........'...'.....
#.########
########...##...###...
#.# #..........##...#
#... #.#######
#..........###### #...
#.......# #.....†....#
#### #######.#
#.......†..#


You could see an endoplasm and a bat.

Vanquished Creatures
  An endoplasm (D:1)
  2 giant cockroaches (D:1)
  A goblin (D:1)
  2 frilled lizards (D:1)
  A rat (D:1)
7 creatures vanquished.

Notes
Turn   | Place    | Note
-------+----------+-------------------------------------------
     0 | D:1      | Fymir27 the Mummy Enchanter began the quest for the Orb.
     0 | D:1      | Reached XP level 1. HP: 13/13 MP: 4/4
   208 | D:1      | Reached skill level 1 in Short Blades
   321 | D:1      | Slain by an endoplasm

Illustrated notes

Levels and vault maps discovered:
D:1:      wander_arrival_peaceful_grave, layout_basic

Skill      XL: |  1 |
---------------+----+-----
Short Blades   | 1 |  1.0
Dodging        | |  1.7
Stealth        | |  2.5
Spellcasting   | |  2.8
Hexes          | |  2.8

Action                     || total
---------------------------++-------
  Melee: Dagger            ||    22
   Stab: Sleeping          ||     2
 Armour: Robe              ||    25
  Dodge: Dodged            ||    30

Table legend: (Time is in decaauts)
 A = Elapsed time spent in this place.
 B = Non-inter-level travel time spent in this place.
 C = Inter-level travel time spent in this place.
 D = Time resting spent in this place.
 E = Time spent auto-exploring this place.
 F = Levels seen in this place.
 G = Mean time per level.
                   A        B        C        D        E       F      G
               +--------+--------+--------+--------+--------+-----+--------+
         Total |    320 |    320 |      0 |      0 |    181 |   1 |  320.0 |
       Dungeon |    320 |    320 |      0 |      0 |    181 |   1 |  320.0 |
               +--------+--------+--------+--------+--------+-----+--------+

Top non-repeatable levels by time:
     D:1: 320 daAuts
